 Dungeon Crawl Stone Soup version 0.16.1-4-g8e1b745 (webtiles) character file.

9467 Ololoev the Severer (level 11, -2/132 HPs)
             Began as a Deep Dwarf Berserker on Mar 27, 2015.
             Was a High Priest of Trog.
             Slain by a ten-headed hydra (4 damage)
             ... on level 14 of the Dungeon.
             The game lasted 00:20:06 (4584 turns).

Ololoev the Severer (Deep Dwarf Berserker)          Turns: 4584, Time: 00:20:06

Health: -2/132     AC: 10    Str: 31    XL:     11   Next: 23%
Magic:  4/4        EV: 12    Int: 10    God:    Trog [*****.]
Gold:   448        SH:  0    Dex: 16    Spells: 0 memorised, 10 levels left

rFire  . . .     SeeInvis +     E - +0 battleaxe
rCold  . . .     Clarity  .     p - +0 ring mail
rNeg   . . .     SustAb   .     (no shield)
rPois  +         Gourm    .     (no helmet)
rElec  +         Spirit   .     D - +0 cloak of the Valley of Death {rElec Str+2 Int+2 Dex+4 Stlth-} (curse)
rCorr  +         Warding  .     j - +0 pair of gloves
rMut   .         Stasis   .     (no boots)
MR     .....                    e - amulet of resist corrosion
Stlth  ..........               (no ring)
                                i - ring of poison resistance

@: berserking, vulnerable, non-regenerating, very quick, not resistant to
hostile enchantments, extremely unstealthy
A: damage resistance, recharge devices, see invisible, sense surroundings 2,
slow healing 3
a: Device Recharging, Burn Spellbooks, Berserk, Trog's Hand, Brothers in Arms,
Renounce Religion


You were on level 14 of the Dungeon.
You worshipped Trog.
Trog was extremely pleased with you.
You were not hungry.

You visited 1 branch of the dungeon, and saw 14 of its levels.

You collected 448 gold pieces.

Notes
Turn   | Place    | Note
--------------------------------------------------------------
     0 | D:1      | Ololoev, the Deep Dwarf Berserker, began the quest for the Orb.
     0 | D:1      | Reached XP level 1. HP: 20/20 MP: 1/1
   450 | D:2      | Reached XP level 2. HP: 10/27 MP: 2/2
   482 | D:2      | Found a deep blue altar of Sif Muna.
   488 | D:2      | Reached skill level 4 in Axes
   648 | D:2      | Noticed Jessica
   655 | D:2      | Killed Jessica
   655 | D:2      | Reached XP level 3. HP: 33/33 MP: 3/3
   751 | D:2      | Acquired Trog's second power
   958 | D:3      | Noticed Sigmund
   972 | D:3      | Killed Sigmund
   972 | D:3      | Reached skill level 5 in Axes
   972 | D:3      | Reached XP level 4. HP: 19/40 MP: 4/4
  1063 | D:3      | Reached XP level 5. HP: 46/46 MP: 5/5
  1147 | D:3      | Noticed Terence
  1148 | D:3      | Found an ancient bone altar of Kikubaaqudgha.
  1151 | D:3      | Killed Terence
  1193 | D:3      | Reached skill level 6 in Axes
  1659 | D:4      | Reached XP level 6. HP: 44/55 MP: 6/6
  1671 | D:4      | Found an iron altar of Okawaru.
  1710 | D:4      | Found a glowing drain.
  1910 | D:4      | Reached skill level 7 in Axes
  2166 | D:5      | Entered Level 5 of the Dungeon
  2285 | D:5      | Acquired Trog's third power
  2320 | D:5      | Reached XP level 7. HP: 48/61 MP: 6/6
  2347 | D:5      | Found a radiant altar of Vehumet.
  2551 | D:5      | Reached skill level 5 in Armour
  2700 | D:7      | Reached skill level 8 in Axes
  2940 | D:8      | Found an opulent altar of Gozag.
  3010 | D:8      | Reached skill level 9 in Axes
  3010 | D:8      | Reached XP level 8. HP: 54/68 MP: 7/7
  3078 | D:8      | Found a shadowy altar of Dithmenos.
  3349 | D:9      | Reached skill level 10 in Axes
  3381 | D:9      | Reached skill level 11 in Axes
  3381 | D:9      | Gained mutation: You passively map the area around you. [level up]
  3381 | D:9      | Reached XP level 9. HP: 24/72 MP: 8/8
  3418 | D:9      | Noticed a two-headed ogre
  3425 | D:9      | Killed a two-headed ogre
  3507 | D:10     | Entered Level 10 of the Dungeon
  3507 | D:10     | Found a basalt altar of Yredelemnul.
  3539 | D:10     | Noticed Erolcha
  3563 | D:10     | Killed Erolcha
  3563 | D:10     | Reached skill level 12 in Axes
  3715 | D:10     | Gained mutation: You have supernaturally acute eyesight. [mutagenic meat]
  3760 | D:11     | Found a sacrificial altar of Ru.
  3760 | D:11     | Noticed a hill giant
  3776 | D:11     | Killed a hill giant
  3781 | D:11     | Noticed a hill giant
  3793 | D:11     | Noticed a cyclops
  3981 | D:10     | Noticed a gargoyle
  3998 | D:10     | Killed a gargoyle
  3998 | D:10     | Reached skill level 13 in Axes
  3998 | D:10     | Reached XP level 10. HP: 44/81 MP: 7/7
  4022 | D:10     | Noticed a wolf spider
  4030 | D:10     | Killed a wolf spider
  4209 | D:12     | Got a twisted cloak
  4220 | D:12     | Identified the cursed +0 cloak of the Valley of Death {rElec Str+2 Int+2 Dex+4 Stlth-} (You found it on level 12 of the Dungeon)
  4227 | D:12     | Noticed a hill giant
  4235 | D:12     | Killed a hill giant
  4277 | D:12     | Noticed a centaur warrior
  4291 | D:12     | Killed a centaur warrior
  4291 | D:12     | Reached skill level 10 in Armour
  4327 | D:12     | Noticed an unseen horror
  4344 | D:12     | Killed an unseen horror
  4344 | D:12     | Reached skill level 14 in Axes
  4368 | D:12     | Noticed a hill giant
  4370 | D:12     | Noticed an unseen horror
  4376 | D:12     | Killed an unseen horror
  4381 | D:12     | Killed a hill giant
  4410 | D:11     | Killed a cyclops
  4444 | D:12     | Reached XP level 11. HP: 81/88 MP: 6/6
  4515 | D:12     | Got a fine brass ring
  4544 | D:14     | Noticed an unseen horror
  4544 | D:14     | Noticed a six-headed hydra
  4551 | D:14     | Noticed a hill giant
  4570 | D:14     | Killed a hill giant
  4570 | D:14     | Reached skill level 15 in Axes
  4575 | D:14     | Killed an unseen horror
  4584 | D:14     | HP: 4/132 [ten-headed hydra (9)]
  4584 | D:14     | Slain by a ten-headed hydra

Inventory:

Hand weapons
 a - a +1 hand axe
 b - a +3 hand axe of freezing
 E - a +0 battleaxe (weapon)
Armour
 g - a +0 cloak
 j - a +0 pair of gloves (worn)
 p - a +0 ring mail (worn)
 D - the cursed +0 cloak of the Valley of Death (worn) {rElec Str+2 Int+2 Dex+4 Stlth-}
   (You found it on level 12 of the Dungeon)

   It affects your strength (+2).
   It affects your intelligence (+2).
   It affects your dexterity (+4).
   It insulates you from electricity.
   It makes you less stealthy.
   It has a curse placed upon it.
Jewellery
 e - an amulet of resist corrosion (around neck)
 i - a ring of poison resistance (left hand)
 G - the ring "Jefo" {-Tele +Fly rF+++ rC++, unknown}
   (You found it on level 12 of the Dungeon)

   [ring of flight]

   It renders you almost immune to fire.
   It greatly protects you from cold.
   It lets you fly.
   It prevents most forms of teleportation.
Magical devices
 c - a wand of heal wounds (4)
 t - a wand of cold (5)
 u - a wand of slowing (28)
 y - a wand of polymorph (9)
 z - a wand of draining (6)
Scrolls
 o - 5 scrolls of remove curse
 v - 2 scrolls of vulnerability
 A - 2 scrolls of fog
 H - a scroll of blinking
Potions
 f - 2 potions of flight
 k - 3 potions of curing
 l - 2 potions of resistance {unknown}
 n - 2 potions of heal wounds
 r - 2 potions of might {unknown}
 s - 2 potions of haste
 x - 2 potions of agility {unknown}
 F - a potion of cure mutation {unknown}
Books
 q - a book of Transfigurations

   Spells                             Type                      Level
   a - Stoneskin                      Transmutation/Earth          2
   b - Irradiate                      Conjuration/Transmutation    5
   c - Statue Form                    Transmutation/Earth          6
   d - Hydra Form                     Transmutation                6
   e - Dragon Form                    Transmutation                7
   Trog disapproves of the use of such an item.
Comestibles
 d - 3 bread rations
 h - a meat ration
 m - 3 beef jerkies
 B - 2 slices of pizza
 C - a royal jelly

Table legend:
 A = Turns spent in this place as a percentage of turns spent in the entire game.
 B = Non-inter-level travel turns spent in this place as a percentage of non-inter-level travel turns spent in the entire game.
 C = Inter-level travel turns spent in this place as a percentage of turns spent in this place.
 D = Turns resting spent in this place as a percentage of non-inter-level travel turns spent in this place.
 E = Turns spent auto-exploring this place as a percentage of non-inter-level travel turns spent in this place.
 F = Non-inter-level travel turns spent in this place divided by the number of levels of this place that you've seen.
                   A       B       C       D       E      F
               +-------+-------+-------+-------+-------+----------------------
         Total | 100.0 | 100.0 |   0.6 |   2.2 |   9.8 | 155.6
       Dungeon | 100.0 | 100.0 |   0.6 |   2.2 |   9.8 | 155.6
               +-------+-------+-------+-------+-------+----------------------


   Skills:
 - Level 2.6 Fighting
 * Level 15.2 Axes
 + Level 11.2 Armour
 - Level 2.1 Dodging


You had 10 spell levels left.
You didn't know any spells.

Dungeon Overview and Level Annotations

Branches:
Dungeon (14/15)
 Temple: D:4-7         Lair: D:8-11         Orc: D:9-12      Vaults: D:13-14

Altars:
Dithmenos
Gozag
Kikubaaqudgha
Okawaru
Ru
Sif Muna
Vehumet
Yredelemnul

Portals:
Sewer: D:4


Innate Abilities, Weirdness & Mutations

You are resistant to damage.
You can recharge devices by infusing magical energy.
You passively map the area around you.
You do not heal naturally.
You have supernaturally acute eyesight.


Message History

The seven-headed hydra is moderately wounded.
Unknown command.
You hit the seven-headed hydra.
The seven-headed hydra is moderately wounded.
The seven-headed hydra bites you! The seven-headed hydra misses you.
The seven-headed hydra bites you but does no damage.
The seven-headed hydra bites you. x3
The seven-headed hydra barely misses you.
Unknown command.
You lop one of the seven-headed hydra's heads off!
The six-headed hydra grows two more!
You hit the eight-headed hydra!
The eight-headed hydra is moderately wounded.
The eight-headed hydra bites you.
The eight-headed hydra bites you but does no damage.
The eight-headed hydra barely misses you.
The eight-headed hydra bites you but does no damage.
The eight-headed hydra misses you. The eight-headed hydra bites you.
The eight-headed hydra bites you but does no damage.
The eight-headed hydra barely misses you.
You barely miss the eight-headed hydra.
The eight-headed hydra is moderately wounded.
Unknown command.
You lop one of the eight-headed hydra's heads off!
The seven-headed hydra grows two more!
You hit the nine-headed hydra!!
The nine-headed hydra is heavily wounded.
The nine-headed hydra bites you!
The nine-headed hydra closely misses you.
The nine-headed hydra bites you but does no damage.
The nine-headed hydra bites you!
The nine-headed hydra barely misses you.
The nine-headed hydra bites you! x2
The nine-headed hydra bites you. The nine-headed hydra bites you!
You slice one of the nine-headed hydra's heads off!
The eight-headed hydra grows two more!
You hit the ten-headed hydra!!
The ten-headed hydra is severely wounded.
You hit the shadow.
The shadow is lightly damaged.
The shadow hits you! The ten-headed hydra bites you!
The ten-headed hydra bites you. x4
You die...

, ,, ** . ,* * , , ,
*...., * * * ,* ,,
..... * , , ,,......
, * , ....... *##. ,
* , ,,
,.......#####....,,
*#.............. , *
* #....W........., ,
#.#@D.........., ,
##...)..........., *
##..............).. ,
,*
*#...................
, , ,
#.....####...........
, ,+.....
##..........., ....#*
* ##........... ...
,*##............ *
.., #.#......##.....


You could see a ten-headed hydra and a shadow.

Table legend:
 A = Kills in this place as a percentage of kills in entire the game.
 B = Kills by you in this place as a percentage of kills by you in the entire game.
 C = Kills by friends in this place as a percentage of kills by friends in the entire game.
 D = Other kills in this place as a percentage of other kills in the entire game.
 E = Experience gained in this place as a percentage of experience gained in the entire game.
 F = Experience gained in this place divided by the number of levels of this place that you have seen.
                   A       B       C       D       E      F
               +-------+-------+-------+-------+-------+----------------------
         Total | 100.0 | 100.0 | 100.0 | 100.0 | 100.0 | 966.1
       Dungeon | 100.0 | 100.0 | 100.0 | 100.0 | 100.0 | 966.1
               +-------+-------+-------+-------+-------+----------------------

Vanquished Creatures
  A centaur warrior (D:12)
  Erolcha (D:10)
  3 unseen horrors
  4 hill giants
  A cyclops (D:11)
  A gargoyle (D:10)
  A two-headed ogre (D:9)
  10 yaks
  A hungry ghost (D:14)
  An ice beast (D:6)
  3 ogres
  A sky beast (D:10)
  A phantom (D:7)
  A centaur (D:9)
  Sigmund (D:3)
  3 scorpions (D:4)
  A wyvern skeleton (D:9)
  6 killer bees
  2 wights (D:10)
  A crimson imp (D:12)
  A jelly (D:5)
  A gnoll shaman (D:3)
  A hound (D:11)
  An iguana (D:7)
  6 worker ants
  Jessica (D:2)
  A killer bee zombie (D:8)
  A hound zombie (D:8)
  Terence (D:3)
  4 gnolls (D:3)
  8 adders
  3 river rats (D:7)
  A giant mite (D:4)
  2 shadow imps
  A worm (D:3)
  An adder skeleton (D:4)
  5 giant geckos
  20 orcs
  5 bats
  A bat skeleton (D:4)
  4 giant cockroaches
  9 hobgoblins
  5 jackals
  15 kobolds
  2 quokkas
  A giant gecko skeleton (D:6)
  5 giant newts
  7 goblins
  A quokka skeleton (D:4)
  8 rats
  2 ballistomycetes (D:10)
168 creatures vanquished.

Vanquished Creatures (collateral kills)
  A wolf spider (D:10)
  2 yaks (D:9)
  An ice beast (D:10)
  A sky beast (D:8)
  A necrophage (D:8)
  An ogre (D:10)
  A big kobold (D:8)
  2 killer bees (D:8)
  A giant frog zombie (D:10)
  A wight (D:10)
  2 hounds (D:10)
  2 orc wizards (D:10)
  A giant frog skeleton (D:10)
  2 orcs (D:10)
  A bat skeleton (D:8)
  A kobold (D:8)
21 creatures vanquished.

Vanquished Creatures (others)
  A two-headed ogre (D:10)
  3 centaurs
  2 wights (D:10)
  2 giant spores
  A rat (D:10)
9 creatures vanquished.

Grand Total: 198 creatures vanquished

Action                   |  1- 3 |  4- 6 |  7- 9 | 10-12 || total
-------------------------+-------+-------+-------+-------++-------
Melee: Hand axe          |   105 |   213 |   335 |    11 ||   664
       Battleaxe         |       |       |       |    65 ||    65
Invok: Berserk           |     2 |     4 |    10 |     4 ||    20
       Trog's Hand       |       |     1 |     3 |       ||     4
       Brothers in Arms  |       |       |     3 |     1 ||     4
       Burn Spellbooks   |       |       |     1 |       ||     1
 Abil: Device Recharging |       |     1 |     2 |     4 ||     7
Evoke: Wand              |     1 |     3 |    15 |    17 ||    36
  Use: Scroll            |     4 |     2 |     8 |     3 ||    17
       Potion            |       |       |     1 |       ||     1
  Eat: Chunk             |     1 |     8 |     1 |     2 ||    12
       Meat ration       |       |     1 |     2 |     1 ||     4
       Royal jelly       |       |     1 |       |       ||     1
       Beef jerky        |       |       |     1 |       ||     1

Vault maps used:
D:1:      tarquinn_simple_flora_water_a
D:2:      lemuel_crystal_altar, minmay_misc_feat_encased, uniq_jessica
D:3:      lemuel_tele_altar, uniq_terence, uniq_sigmund
D:4:      kennysheep_mini, first_bread, portal_sewer_entry_f
D:5:      nicolae_overflow_hidden_temple, uniq_menkaure
D:7:      wad_woods_tower, lemuel_round_altar, nicolae_tso_swordbearing_angel,
          minmay_temple_entry_poolview
D:8:      nicolae_gozag_zags_fifth_avenue, serial_shops, shop, basic_altar
D:9:      beetle_altar_2, enter_bailey_1, hangedman_ranch, uniq_joseph
D:10:     hangedman_decor_slide_cut, yredelemnul_altar_generic, uniq_erolcha
D:11:     lair_0_dummy, zombieorc2_lemuel, nicolae_ru_awakened_eye, uniq_urug
D:14:     lightli_vaults_fourway_checkpoint
